 Dungeon Crawl Stone Soup version 0.16-a0-2818-g1ef6e07 (webtiles) character file.

66 Johnny the Grave Robber (level 3, -2/26 HPs)
             Began as a Demigod Necromancer on Nov 28, 2014.
             Hit by a tomahawk thrown by an orc (3 damage)
             ... on level 3 of the Dungeon.
             The game lasted 00:03:25 (2376 turns).

Johnny the Grave Robber (Demigod Necromancer)       Turns: 2376, Time: 00:03:26

Health: -2/26      AC:  2    Str: 11    XL:     3   Next: 69%
Magic:  1/8        EV: 13    Int: 21    God:
Gold:   151        SH:  0    Dex: 18    Spells: 2 memorised, 3 levels left

rFire  . . .     SeeInvis .     h - +0 short sword
rCold  . . .     Clarity  .     k - +0 robe (curse)
rNeg   . . .     SustAb   +     (no shield)
rPois  .         Gourm    .     (no helmet)
rElec  .         Spirit   .     (no cloak)
rCorr  .         Warding  .     (no gloves)
rMut   .         Stasis   .     (no boots)
MR     .....                    (no amulet)
Stlth  ++........               (no ring)
                                l - +2 ring of dexterity

@: not resistant to hostile enchantments, unstealthy
A: sustain abilities
a: no special abilities


You were on level 3 of the Dungeon.
You were hungry.

You visited 1 branch of the dungeon, and saw 3 of its levels.

You collected 151 gold pieces.

Inventory:

Hand weapons
 h - a +0 short sword (weapon)
Armour
 f - a +0 leather armour
 k - a cursed +0 robe (worn)
Jewellery
 l - a +2 ring of dexterity (left hand)
Scrolls
 a - a scroll of fear {unknown}
 e - 3 scrolls of remove curse {unknown}
 g - a scroll of enchant weapon {unknown}
 j - 3 scrolls of magic mapping {unknown}
 m - a scroll of identify {unknown}
Potions
 i - a potion of heal wounds {unknown}
Books
 b - a book of Necromancy

   Spells                             Type                      Level
   *Pain                              Necromancy                   1
   Animate Skeleton                   Necromancy                   1
   *Vampiric Draining                 Necromancy                   3
   Regeneration                       Charms/Necromancy            3
   Animate Dead                       Necromancy                   4
   Control Undead                     Necromancy                   4
Comestibles
 c - 3 bread rations
 d - 4 fruits
 n - a beef jerky


   Skills:
 * Level 2.6 Dodging
 - Level 1.7 Stealth
 * Level 2.6 Spellcasting
 * Level 4.0 Necromancy


You had 3 spell levels left.
You knew the following spells:

 Your Spells              Type           Power        Failure   Level  Hunger
a - Pain                  Necr           ###.         2%          1    None
c - Vampiric Draining     Necr           ###.......   10%         3    ###....


Dungeon Overview and Level Annotations

Branches:
Dungeon (3/15)

Shops:
D:2 *


Innate Abilities, Weirdness & Mutations

Your attributes are resistant to harm.


Message History

You start resting.
An orc comes into view. It is wielding a mace.
An orc is nearby!
An orc is nearby!
The orc hits you with a mace!
* * * LOW HITPOINT WARNING * * *
You are too injured to fight recklessly!
You are too injured to fight recklessly!
The orc throws a tomahawk.
The tomahawk hits you.
* * * LOW HITPOINT WARNING * * *
You see here a leather armour.
The orc throws a tomahawk.
The tomahawk misses you.
You see here a tomahawk.
Casting: Vampiric Draining
Confirm with . or Enter, or press ? or * to list all spells.
Aiming: Pain
Press: ? - help, Shift-Dir - straight line, f - orc
Aim: an orc, wielding a mace and wearing a ring mail The orc convulses in agony!
The orc throws a tomahawk.
The tomahawk hits you.
You die...

#.#######.#
########### #.# #.#
#.........# #.#
#.#######.#######.#
#.# #.........# #[#
#.# #.#############
#.# ..# #.#
#.o....# #.# ###
### #.# #.# #[# #.#
#@# #.# #.# #.# #.#
#.# #.# #.# #
########### #.# #.#
# #[........# #.#
#.# #
#.#######.#####.#
#.# #
#.#.............#
#.#######
#.#.#####.#######
#........


You could see an orc.

Vanquished Creatures
  2 adders
  A giant mite (D:1)
  A giant gecko (D:1)
  An orc (D:3)
  9 bats
  A giant cockroach (D:1)
  7 goblins
  2 hobgoblins
  A quokka (D:2)
  A giant newt (D:3)
  6 kobolds
  5 rats
37 creatures vanquished.

Notes
Turn   | Place    | Note
--------------------------------------------------------------
     0 | D:1      | Johnny, the Demigod Necromancer, began the quest for the Orb.
     0 | D:1      | Reached XP level 1. HP: 14/14 MP: 3/3
   333 | D:1      | Reached XP level 2. HP: 8/20 MP: 1/5
   758 | D:1      | Found a sparkling altar of Nemelex Xobeh.
  1381 | D:2      | Found Gozag's Nutrition Petition.
  1394 | D:2      | Found an opulent altar of Gozag.
  1396 | D:2      | Reached XP level 3. HP: 24/26 MP: 6/8
  1708 | D:2      | Found a shattered altar of Ashenzari.
  2001 | D:3      | Found a sacrificial altar of Ru.
  2311 | D:3      | Reached skill level 4 in Necromancy
  2342 | D:3      | Learned a level 3 spell: Vampiric Draining
  2376 | D:3      | Hit by a tomahawk thrown by an orc

Action                   || total
-------------------------++-------
Melee: Unarmed           ||    16
       Short sword       ||    25
 Cast: Pain              ||    64
       Vampiric Draining ||     2
 Stab: Sleeping          ||     2
  Eat: Chunk             ||     4
